 Dungeon Crawl Stone Soup version 0.19.5 (webtiles) character file.

100 Jawreze the Shield-Bearer (level 5, -2/41 HPs)
             Began as a Formicid Fighter on May 14, 2017.
             Killed from afar by Natasha (11 damage)
             ... with a magic dart
             ... on level 2 of the Dungeon.
             The game lasted 00:03:47 (1608 turns).

Jawreze the Shield-Bearer (Formicid Fighter)        Turns: 1608, Time: 00:03:48

Health: -2/41      AC:  6    Str: 21    XL:     5   Next: 3%
Magic:  5/5        EV:  8    Int:  8    God:
Gold:   44         SH: 10    Dex: 10    Spells: 0 memorised, 4 levels left

rFire  . . .     SeeInvis +     a - +0 long sword
rCold  . . .     Gourm    .     b - +0 scale mail
rNeg   . . .     Faith    .     c - +0 shield
rPois  .         Spirit   .     (helmet unavailable)
rElec  .         Reflect  .     (no cloak)
rCorr  .         Harm     .     (no gloves)
MR     .....                    (no boots)
Stlth  ..........               (no amulet)
                                (no ring)
                                (no ring)

@: no status effects
A: permanent stasis, dig shafts and tunnels, four strong arms, antennae 3
a: Dig, Shaft Self


You were on level 2 of the Dungeon.
You were very hungry.

You visited 1 branch of the dungeon, and saw 2 of its levels.

You collected 44 gold pieces.

Inventory:

Hand Weapons
 a - a +0 long sword (weapon)
Armour
 b - a +0 scale mail (worn)
 c - a +0 shield (worn)
Scrolls
 e - a scroll of fear {unknown}
 g - 2 scrolls of noise {unknown}
 i - a scroll of blinking {unknown}
 j - a scroll of identify {unknown}
 m - a scroll of teleportation {unknown}
 n - a scroll of remove curse {unknown}
Potions
 d - a potion of might
 h - a potion of ambrosia {unknown}
 k - a potion of agility {unknown}
Comestibles
 f - 2 bread rations
 l - a beef jerky


   Skills:
 - Level 3.2 Fighting
 + Level 3.8 Long Blades
 - Level 3.2 Armour
 + Level 5.0 Shields


You had 4 spell levels left.
You didn't know any spells.

Dungeon Overview and Level Annotations

Branches:
Dungeon (2/15)

Altars:
Gozag
Yredelemnul

Annotations:
D:2 Natasha


Innate Abilities, Weirdness & Mutations

You are under a permanent stasis effect.
You can dig through walls and to a lower floor.
Your four strong arms can wield two-handed weapons with a shield.
You have a pair of large antennae on your head. (SInv)


Message History

You completely miss Natasha.
Natasha is moderately wounded.
Natasha casts a spell at you. The magic dart hits you!
You closely miss Natasha.
Natasha is moderately wounded.
Natasha stares at you and mumbles some strange words.
The magic dart hits you!
You closely miss Natasha.
Natasha is lightly wounded.
You block Natasha's attack.
The crimson imp blinks!
Natasha claws you!
* * * LOW HITPOINT WARNING * * *
You barely miss Natasha.
Natasha is lightly wounded.
Natasha claws you but does no damage.
You barely miss Natasha.
Natasha is lightly wounded.
Natasha stares at you and mumbles some strange words.
The magic dart hits you!
You die...

#.# #.# #######.#
###...#.).##
#####..........#
......####....{# ####..#
#.....# ......#
##..ยง.######### .###..#
#....h@.......
......#####....######...
..#.#.......#.##
#############.# _## #(#
..8 #'# ... ... ...
..l.. ... )....h.


You could see Natasha.

Vanquished Creatures
  Natasha (twice) (D:2)
  An adder (D:2)
  An ooze (D:1)
  A dart slug (D:1)
  2 leopard geckos (D:2)
  2 giant cockroaches (D:2)
  4 goblins (D:1)
  8 hobgoblins
  A jackal (D:1)
  4 bats (D:1)
  3 frilled lizards
  3 kobolds
  3 rats
35 creatures vanquished.

Vanquished Creatures (others)
  2 draconians (D:1)
  A gargoyle (D:1)
  2 trolls (D:1)
  A vampire (D:1)
  A human (D:1)
  An ogre (D:1)
  A dwarf (D:1)
  2 orcs (D:1)
  A bat (D:1)
  A kobold (D:1)
  4 tentacles (D:1)
17 creatures vanquished.

Grand Total: 52 creatures vanquished

Notes
Turn   | Place    | Note
-------+----------+-------------------------------------------
     0 | D:1      | Jawreze the Formicid Fighter began the quest for the Orb.
     0 | D:1      | Reached XP level 1. HP: 18/18 MP: 1/1
     0 | D:1      | Noticed a troll
     0 | D:1      | Noticed a dwarf
     0 | D:1      | Noticed a human
     0 | D:1      | Noticed an ogre
     0 | D:1      | Noticed a draconian
     0 | D:1      | Noticed a troll
     0 | D:1      | Noticed a kraken
     0 | D:1      | Noticed a gargoyle
     0 | D:1      | Noticed a draconian
     0 | D:1      | Noticed a vampire
     4 | D:1      | Killed a draconian
     7 | D:1      | Killed a gargoyle
     7 | D:1      | Killed a dwarf
     8 | D:1      | Killed a human
     8 | D:1      | Killed a draconian
     8 | D:1      | Killed a troll
     9 | D:1      | Killed an ogre
    10 | D:1      | Killed a vampire
    10 | D:1      | Killed a troll
   167 | D:1      | Reached XP level 2. HP: 23/24 MP: 2/2
   280 | D:1      | Reached skill level 4 in Shields
   464 | D:1      | Reached XP level 3. HP: 23/29 MP: 3/3
   704 | D:2      | Noticed Natasha
   719 | D:2      | Killed Natasha
   719 | D:2      | Reached XP level 4. HP: 14/35 MP: 4/4
  1134 | D:2      | Noticed Natasha
  1137 | D:2      | Killed Natasha
  1137 | D:2      | Reached skill level 5 in Shields
  1280 | D:2      | Found a basalt altar of Yredelemnul.
  1280 | D:2      | Found an opulent altar of Gozag.
  1532 | D:2      | Reached XP level 5. HP: 41/41 MP: 5/5
  1582 | D:2      | Noticed Natasha
  1608 | D:2      | Killed from afar by Natasha

Skill      XL: |  1  2  3  4 |
---------------+-------------+-----
Shields        | 4 5 |  5.0
Long Blades    | 3 |  3.8
Fighting       | |  3.2
Armour         | |  3.2

Action                   |  1- 3 |  4- 6 || total
-------------------------+-------+-------++-------
Melee: Long sword        |    67 |    61 ||   128
 Abil: Dig               |     1 |       ||     1
  Eat: Chunk             |       |     1 ||     1
Armor: Scale mail        |    19 |    15 ||    34
Dodge: Dodged            |    14 |    15 ||    29
Block: Shield            |    32 |    28 ||    60
       Rpst.: Long sword |     6 |     6 ||    12
